 Dungeon Crawl Stone Soup version 0.29.1-13-g9f3cf754e1 (webtiles) character file.

Game seed: 5464634230876878179

41 Ulme007 the Covered (level 3, 0/33 HPs)
             Began as a Minotaur Fighter on Feb 4, 2023.
             Slain by a black bear (1 damage)
             ... on level 2 of the Dungeon.
             The game lasted 00:12:25 (1293 turns).

Ulme007 the Covered (Minotaur Fighter)              Turns: 1293, Time: 00:12:26

Health: 0/33       AC:  7    Str: 20    XL:     3   Next: 32%
Magic:  2/2        EV:  9    Int:  5    God:
Gold:   49         SH:  4    Dex: 11    Spells: 2/2 levels left

rFire   x . .      SeeInvis .   a - +0 war axe
rCold   + . .      Faith    .   c - +0 buckler
rNeg    . . .      Spirit   .   b - +0 scale mail
rPois   .          Reflect  .   (helmet restricted)
rElec   .          Harm     .   (no cloak)
rCorr   .          Rampage  .   (no gloves)
Will    .....                   (no boots)
Stlth   ..........              p - amulet of regeneration
HPRegen 0.91/turn               r - ring of ice
MPRegen 0.08/turn               (no ring)

@: mighty
A: horns 2, retaliatory headbutt
a: no special abilities


You were on level 2 of the Dungeon.
You visited 1 branch of the dungeon, and saw 2 of its levels.

You collected 49 gold pieces.

Inventory:

Hand Weapons
 a - a +0 war axe (weapon)
Armour
 b - a +0 scale mail (worn)
 c - a +0 buckler (worn)
 e - a +0 cloak
Jewellery
 p - an amulet of regeneration (around neck)
 r - a ring of ice (left hand)
Potions
 d - a potion of might
 f - a potion of curing {unknown}
 g - a potion of mutation
 h - 2 potions of cancellation {unknown}
 j - a potion of haste {unknown}
 n - a potion of flight {unknown}


   Skills:
 + Level 4.1 Fighting
 + Level 3.1 Axes
 + Level 4.1 Armour
 + Level 0.3 Dodging
 + Level 4.0 Shields


You had 2 spell levels left.
You didn't know any spells.
Your spell library was empty.

Dungeon Overview and Level Annotations

Branches:
Dungeon (2/15)

Altars:


Innate Abilities, Weirdness & Mutations

You have a pair of horns on your head.
You reflexively headbutt those who attack you in melee.


Message History

The black bear barely misses you.
The black bear claws you but does no damage.
You barely miss the black bear. Your headbutt misses the black bear.
The black bear bites you but does no damage.
The black bear claws you. You block the black bear's attack.
You slash the black bear!
The black bear is heavily wounded.
You block the black bear's attack.
The black bear claws you but does no damage.
The black bear barely misses you.
The black bear bites you but does no damage.
The black bear claws you.
The black bear claws you but does no damage.
You hit the black bear but do no damage.
The black bear is heavily wounded.
The black bear bites you. The black bear closely misses you.
The black bear claws you but does no damage.
You barely miss the black bear.
The black bear is heavily wounded.
The black bear barely misses you.
The black bear claws you but does no damage.
The black bear claws you.
You slash the black bear!
The black bear is almost dead.
The black bear goes berserk!
The black bear bites you. You block the black bear's attack.
The black bear closely misses you.
You barely miss the black bear.
The black bear is severely wounded.
The black bear bites you. The black bear claws you.
The black bear barely misses you. The black bear bites you!
* * * LOW HITPOINT WARNING * * *
The black bear claws you.
* * * LOW HITPOINT WARNING * * *
The black bear claws you.
* * * LOW HITPOINT WARNING * * *
You feel very mighty all of a sudden. The black bear closely misses you.
The black bear claws you.
* * * LOW HITPOINT WARNING * * *
The black bear claws you.
You die...

.#*,,,>*,*
*,,,,,,,,,,,,*
.#*,,,,*,*
*,,,,,,*******
.#*,,,,*,*
**#+#*+*********
##*,,,,*,*
#.#,,,,,,,,,,* *,,,,*,*
#.#,,,>,,,,,,* *,,,,*,*
#.#,,,,,,,,,,*
***,,,,*,*
#.#*+#********
,,,,,,,*,#######h##.#
~~~~~~~~,.......@##.####
*~~~~~*~*#######....##.#
*~***~*~,...........##.#
#≈~~~~*~*#######....##.#
~≈~~~~~~,* #....##.#
..,,,,,*^* #....##.# ##
##******,***####....##.#
****#.
,,,,,,,,,,,*...........#
#.....
********,,,#...........#
#.....


You could see a black bear (berserk).

Vanquished Creatures
  A worm (D:2)
  4 dart slugs
  2 ball pythons (D:1)
  3 bats
  4 endoplasms (D:1)
  2 giant cockroaches (D:1)
  A goblin (D:1)
  2 hobgoblins (D:1)
  2 jackals (D:1)
  A quokka (D:1)
  A frilled lizard (D:1)
  A kobold (D:1)
  3 rats
27 creatures vanquished.

Vanquished Creatures (others)
  2 demonic plants (D:1)
  2 plants (D:2)
4 creatures vanquished.

Grand Total: 31 creatures vanquished

Notes
Turn   | Place    | Note
-------+----------+-------------------------------------------
     0 | D:1      | Ulme007 the Minotaur Fighter began the quest for the Orb.
     0 | D:1      | Reached XP level 1. HP: 19/19 MP: 0/0
   157 | D:1      | Reached XP level 2. HP: 27/27 MP: 1/1
   741 | D:1      | Found a faded altar of an unknown god.
   741 | D:1      | Noticed a crimson imp
   930 | D:1      | Reached XP level 3. HP: 33/33 MP: 2/2
  1282 | D:2      | Noticed a black bear
  1292 | D:2      | HP: 1/33 [black bear (2)]
  1293 | D:2      | Slain by a black bear

Illustrated notes

Levels and vault maps discovered:
D:1:      evilmike_arrival_home_sweet_home, layout_loops_cross,
          dreamdust_ecumenical_altar_sealed_demon, roderic_cross_of_infinity
D:2:      layout_basic, minmay_crystal_water, dreamdust_princess_bridge,
          amcnicky_mini_pool_small, guppyfry_early_lair_pool, uniq_sigmund

Skill      XL: |  1  2  3 |
---------------+----------+-----
Armour         | 4 |  4.1
Fighting       | 4 |  4.1
Axes           | 3 |  3.1
Shields        | 4 |  4.0
Dodging        | |  0.3

Action                   || total
-------------------------++-------
Melee: War axe           ||    76
       Headbutt          ||    14
  Use: Scroll            ||    10
       Potion            ||     1
 Stab: Sleeping          ||     1
Armor: Scale mail        ||    19
Dodge: Dodged            ||    39
Block: Buckler           ||    13
